cohdb
Replays
Latest Replays
All Replays
Popular Replays
Top Player Replays
Match Explorer
How It Works
Community
CoH3 Stats
Reddit
Sign in to upload your games and track your stats! →
Sign in with Steam
Match 43306635
Unlisted
Match 43306635
Overview
Messages
Build Orders
End
Kettenkrad Recon Vehicle
Construct Infanterie Kompanie
MG 42 Machine Gun Team
Grenadier Squad
Construct Panzergrenadier Kompanie
Panzergrenadier Squad
251 Medium Carrier
Selects Terror Battlegroup
Selects Machine Gun Camouflage
Pioneer Squad
Selects No Quarter
GrW 34 Mortar Team
Pak 40 Anti-tank Gun Team
Support Elements
StuG III G Assault Gun
iTz FoY
Gremchick
Граф Гематоген
Chief Queef
thedowner21
Serbik
0
0
Comments
sign in to comment!
No comments posted yet!